 Dungeon Crawl Stone Soup version 0.24.0-1-gfbc8707 (webtiles) character file.

Game seed: 2444611503483735266, levelgen mode: deterministic

44212 Bregath the Blocker (level 13, -5/107 HPs)
             Began as a Minotaur Berserker on Nov 4, 2019.
             Was a High Priest of Trog.
             Slain by a skeletal warrior
             ... wielding a +0 battleaxe
             ... led by a skeletal warrior
              (10 damage)
             ... on level 15 of the Dungeon.
             The game lasted 00:59:30 (18264 turns).

Bregath the Blocker (Minotaur Berserker)           Turns: 18264, Time: 00:59:31

Health: -5/107     AC: 26    Str: 22    XL:     13   Next: 95%
Magic:  16/16      EV: 12    Int:  9    God:    Trog [*****.]
Gold:   1250       SH: 16    Dex: 13    Spells: 12/12 levels left

rFire    . . .     SeeInvis .   G - +3 war axe (freeze)
rCold    . . .     Gourm    +   q - +3 shield
rNeg     . . .     Faith    .   o - +1 chain mail
rPois    +         Spirit   .   E - +0 hat {Int+3}
rElec    .         Reflect  .   e - +2 cloak
rCorr    .         Harm     .   a - +1 pair of gloves "Lofi" {rPois Stlth+}
MR       +....                  u - +2 pair of boots
Stlth    +.........             g - amulet of the gourmand
HPRegen  0.27/turn              A - +4 ring of protection
MPRegen  0.15/turn              b - ring of protection from magic

@: lightly drained
A: retaliatory headbutt, horns 2
a: Berserk, Trog's Hand, Brothers in Arms, Renounce Religion


You were on level 15 of the Dungeon.
You worshipped Trog.
Trog was extremely pleased with you.
You were not hungry.

You visited 1 branch of the dungeon, and saw 15 of its levels.
You also visited: Bailey and Gauntlet.

You collected 1250 gold pieces.

Inventory:

Hand Weapons
 G - a +3 war axe of freezing (weapon)
Missiles
 h - 204 stones (quivered)
 i - 55 sling bullets
Armour
 a - the +1 pair of gloves "Lofi" (worn) {rPois Stlth+}
   (You found it in a Gauntlet)

   It protects you from poison.
   It makes you more stealthy.
 e - a +2 cloak (worn)
 o - a +1 chain mail (worn)
 q - a +3 shield (worn)
 u - a +2 pair of boots (worn)
 E - a +0 hat of intelligence (worn)
Jewellery
 b - a ring of protection from magic (right hand)
 d - an uncursed ring of resist corrosion
 g - an amulet of the gourmand (around neck)
 A - a +4 ring of protection (left hand)
Wands
 l - a wand of iceblast (3)
 y - a wand of digging (4)
 z - a wand of polymorph (9)
 D - a wand of disintegration (12)
 F - a wand of paralysis (6)
Scrolls
 j - 12 scrolls of teleportation
 p - 5 scrolls of remove curse
 t - 2 scrolls of blinking
 w - 4 scrolls of fog
 H - a scroll of noise {unknown}
Potions
 f - 5 potions of heal wounds
 k - 9 potions of curing
 m - a potion of ambrosia
 n - 2 potions of invisibility
 s - 2 potions of might
 x - a potion of resistance
 B - 2 potions of mutation
 C - a potion of cancellation
 I - a potion of magic {unknown}
 J - a potion of flight {unknown}
Miscellaneous
 r - a fan of gales
 v - 2 boxes of beasts
Comestibles
 c - 24 rations


   Skills:
 + Level 7.8(7.5) Fighting
 + Level 11.4(11.1) Axes
 * Level 11.0(10.7) Throwing
 * Level 10.7(10.4) Armour
 * Level 9.5(9.2) Dodging
 * Level 7.6(7.3) Stealth
 * Level 11.9(11.6) Shields
 * Level 6.6(6.3) Evocations


You had 12 spell levels left.
You didn't know any spells.
Your spell library was empty.

Dungeon Overview and Level Annotations

Branches:
Dungeon (15/15)            Temple (0/1) D:7            Lair (0/6) D:10
    Orc (0/2) D:11         Vaults (0/5) D:14         Depths (0/5) D:15
 Bailey (visited)         Gauntlet (visited)

Altars:
Ashenzari
Cheibriados
Hepliaklqana
Kikubaaqudgha
Trog
Vehumet
Wu Jian
Xom
The Shining One
Beogh

Shops:
D:6 [


Innate Abilities, Weirdness & Mutations

You reflexively headbutt those who attack you in melee.
You have a pair of horns on your head.


Message History

Aim: a skeletal warrior, wielding a +0 battleaxe (almost destroyed)
You throw a stone.
The stone completely misses the skeletal warrior.
You block the skeletal warrior's attack.
The skeletal warrior hits you but does no damage.
Throwing (i - inventory)
h - 206 stones (quivered)
Press: ? - help, Shift-Dir - straight line, f/p - skeletal warrior
Aim: a skeletal warrior, wielding a +0 battleaxe (almost destroyed)
You throw a stone.
The stone hits the skeletal warrior but does no damage.
The skeletal warrior is almost destroyed.
Throwing (i - inventory)
h - 205 stones (quivered)
Press: ? - help, Shift-Dir - straight line, f/p - skeletal warrior
Aim: a skeletal warrior, wielding a +0 battleaxe (almost destroyed)
You throw a stone.
The stone hits the skeletal warrior but does no damage.
The skeletal warrior is almost destroyed.
The skeletal warrior hits you but does no damage.
The skeletal warrior hits you with a +0 battleaxe!
You die...

###########
#.........#
#.#######.# #.# #@#
#.##.....zz((((..
#.##.......######
#.##....!..#
#######.#######...
...................
#######.#####.#....
#####.(..^.# ##....
##.........<#


You could see 2 skeletal warriors.

Vanquished Creatures
  A minotaur (Gauntlet)
  3 hydras
  A catoblepas (D:11)
  A death knight (D:11)
  Erica (D:8)
  4 two-headed ogres
  A satyr (D:11)
  2 death scarabs (Gauntlet)
  A vampire mage (D:14)
  A deep elf knight (Bailey)
  A thrashing horror (Gauntlet)
  A shock serpent (shapeshifter) (D:14)
  8 skeletal warriors
  5 slime creatures (D:12)
  2 unseen horrors (D:12)
  The ghost of twitchblade17 the Skirmisher, a novice OgMo (D:4)
  A necromancer (D:15)
  An orc knight (D:14)
  2 manticores
  9 deep elf magi
  A cyclops (D:14)
  A frost giant skeleton (D:15)
  A yaktaur (shapeshifter) (D:14)
  A rime drake (D:13)
  A guardian mummy (D:14)
  A yaktaur skeleton (D:15)
  4 red devils (D:14)
  3 meliai (D:13)
  3 trolls
  2 hornets
  A spectral dream sheep (Gauntlet)
  2 dream sheep (D:8)
  A dream sheep (shapeshifter) (D:14)
  3 hippogriffs
  A wraith (D:12)
  A shadow (D:11)
  Sigmund (D:2)
  15 yaks
  4 wyverns
  A water elemental (D:14)
  Eustachio (D:4)
  4 small abominations (Gauntlet)
  2 hungry ghosts
  3 vampire mosquitoes (D:13)
  Menkaure (D:5)
  A soldier ant (D:14)
  2 spectral spiny frogs (Gauntlet)
  A tengu zombie (D:15)
  2 porcupines (D:10)
  4 black bears
  2 ice beasts
  10 orc warriors
  An eye of draining (D:12)
  2 sky beasts
  A necrophage (D:12)
  9 ogres
  13 centaurs
  2 crocodiles (D:10)
  6 big kobolds
  A yaktaur zombie (D:15)
  17 bullfrogs
  A gnoll sergeant (D:7)
  A water moccasin skeleton (D:7)
  8 scorpions
  16 killer bees
  8 wights (D:8)
  3 electric eels (D:14)
  3 howler monkeys
  5 crimson imps
  A centaur zombie (D:9)
  A bullfrog zombie (D:10)
  7 hounds
  A quasit (D:6)
  5 jellies
  8 orc priests
  13 orc wizards
  2 bullfrog skeletons
  A centaur skeleton (D:11)
  6 iguanas
  Natasha (thrice) (D:2)
  13 worker ants
  A killer bee zombie (D:8)
  A hound skeleton (D:7)
  3 worker ant zombies
  16 adders
  12 gnolls
  5 shadow imps
  2 oozes
  An adder skeleton (D:4)
  2 dart slugs
  4 leopard geckos
  66 orcs
  3 ball pythons
  4 giant cockroaches
  13 goblins
  7 hobgoblins
  17 jackals
  3 quokkas
  6 bats
  8 frilled lizards
  A giant cockroach zombie (D:6)
  21 kobolds
  2 leopard gecko skeletons
  2 quokka skeletons
  A quokka zombie (D:5)
  2 rats
489 creatures vanquished.

Vanquished Creatures (others)
  10 fungi (D:10)
  2 plants (D:10)
  4 toadstools (D:15)
16 creatures vanquished.

Grand Total: 505 creatures vanquished

Notes
Turn   | Place    | Note
-------+----------+-------------------------------------------
     0 | D:1      | Bregath the Minotaur Berserker began the quest for the Orb.
     0 | D:1      | Reached XP level 1. HP: 19/19 MP: 0/0
   180 | D:1      | Reached XP level 2. HP: 27/27 MP: 1/1
   919 | D:1      | Reached XP level 3. HP: 30/33 MP: 2/2
   952 | D:1      | Found an ornate altar of the Wu Jian Council.
  1157 | D:2      | Noticed Natasha
  1164 | D:2      | Killed Natasha
  1164 | D:2      | Reached skill level 1 in Throwing
  1221 | D:2      | Reached ** piety under Trog
  1239 | D:2      | Reached skill level 1 in Stealth
  1269 | D:2      | Noticed Natasha
  1280 | D:2      | Killed Natasha
  1280 | D:2      | Reached XP level 4. HP: 20/40 MP: 3/3
  1598 | D:2      | Noticed a sky beast
  1604 | D:2      | Killed a sky beast
  1604 | D:2      | Reached XP level 5. HP: 40/46 MP: 4/4
  1677 | D:2      | Noticed Sigmund
  1692 | D:2      | Killed Sigmund
  1692 | D:2      | Reached XP level 6. HP: 48/52 MP: 5/5
  1805 | D:2      | Found a shimmering altar of Xom.
  1948 | D:2      | You fall into a shaft and drop 1 floor!
  2167 | D:3      | Found a glowing golden altar of the Shining One.
  2208 | D:3      | Reached skill level 1 in Shields
  2709 | D:4      | Reached skill level 5 in Axes
  2715 | D:4      | Found a runed translucent gate.
  2715 | D:4      | Noticed twitchblade17's ghost (novice OgMo)
  2718 | D:4      | Found a runed translucent gate.
  2719 | D:4      | Found a runed translucent gate.
  2725 | D:4      | Found a roughly hewn altar of Beogh.
  2791 | D:4      | Found a snail-covered altar of Cheibriados.
  2902 | D:4      | Reached XP level 7. HP: 59/60 MP: 6/6
  3110 | D:4      | Noticed Eustachio
  3137 | D:4      | Killed Eustachio
  3665 | D:4      | Reached skill level 5 in Throwing
  3665 | D:4      | Reached XP level 8. HP: 65/67 MP: 7/7
  3795 | D:4      | Killed twitchblade17's ghost
  3795 | D:4      | Reached skill level 5 in Fighting
  3795 | D:4      | Reached skill level 5 in Armour
  4180 | D:5      | Entered Level 5 of the Dungeon
  4353 | D:2      | Noticed Natasha
  4367 | D:2      | Killed Natasha
  4367 | D:2      | Reached skill level 5 in Dodging
  5076 | D:5      | Reached XP level 9. HP: 74/74 MP: 8/8
  5098 | D:5      | Noticed Menkaure
  5108 | D:5      | Killed Menkaure
  5131 | D:5      | Reached *** piety under Trog
  5319 | D:5      | Found an ancient bone altar of Kikubaaqudgha.
  5440 | D:5      | Found a radiant altar of Vehumet.
  5618 | D:6      | Found Icopnime's Antique Armour Boutique.
  6064 | D:6      | Reached skill level 1 in Evocations
  6120 | D:6      | Found a shattered altar of Ashenzari.
  6175 | D:6      | Reached **** piety under Trog
  6473 | D:7      | Found a staircase to the Ecumenical Temple.
  6922 | D:7      | Found a hazy altar of Hepliaklqana.
  7692 | D:8      | Found a bloodstained altar of Trog.
  7709 | D:8      | Reached skill level 5 in Shields
  7786 | D:8      | Reached XP level 10. HP: 60/81 MP: 10/10
  7888 | D:8      | Reached ***** piety under Trog
  8135 | D:8      | Noticed a three-headed hydra
  8279 | D:8      | Killed an 11-headed hydra
  8873 | D:9      | Noticed Erica
  8902 | D:8      | Killed Erica
  9056 | D:9      | Reached skill level 5 in Stealth
  9390 | D:9      | Received a gift from Trog
  9429 | D:9      | Reached XP level 11. HP: 82/89 MP: 12/12
  9617 | D:9      | Received a gift from Trog
 10067 | D:10     | Entered Level 10 of the Dungeon
 10391 | D:10     | Received a gift from Trog
 10644 | D:10     | Found a staircase to the Lair.
 10905 | D:10     | Noticed a two-headed ogre
 10917 | D:10     | Killed a two-headed ogre
 11067 | D:11     | Noticed a skeletal warrior
 11090 | D:11     | Killed a skeletal warrior
 11100 | D:11     | Noticed a skeletal warrior
 11100 | D:11     | Noticed a skeletal warrior
 11139 | D:11     | Killed a skeletal warrior
 11153 | D:11     | Killed a skeletal warrior
 11489 | D:11     | Noticed a seven-headed hydra
 11511 | D:11     | Noticed a catoblepas
 11511 | D:11     | a seven-headed hydra changed into a catoblepas
 11548 | D:11     | Killed a catoblepas
 11928 | D:11     | Noticed a six-headed hydra
 11963 | D:11     | Noticed a satyr
 11963 | D:11     | a six-headed hydra changed into a satyr
 11973 | D:11     | Killed a satyr
 11976 | D:11     | Reached XP level 12. HP: 97/97 MP: 14/14
 12129 | D:11     | Noticed a death knight
 12145 | D:11     | Killed a death knight
 12475 | D:11     | Noticed a seven-headed hydra
 12485 | D:11     | Killed a seven-headed hydra
 12485 | D:11     | Reached skill level 5 in Evocations
 12651 | D:11     | Found a staircase to the Orcish Mines.
 12926 | D:12     | Noticed a two-headed ogre
 12940 | D:12     | Killed a two-headed ogre
 13141 | D:12     | Reached skill level 10 in Throwing
 13152 | D:12     | Reached skill level 10 in Axes
 13161 | D:12     | Reached skill level 10 in Shields
 13170 | D:12     | Received a gift from Trog
 13308 | D:12     | Found a flagged portal.
 13316 | Bailey   | Entered a bailey
 14275 | D:12     | Reached XP level 13. HP: 78/105 MP: 16/16
 14878 | D:13     | Received a gift from Trog
 14909 | D:13     | Found a gate leading to a gauntlet.
 14918 | Gauntlet | Entered a Gauntlet
 14918 | Gauntlet | Found a transporter.
 14918 | Gauntlet | Found a transporter.
 14918 | Gauntlet | Found a transporter.
 14918 | Gauntlet | Noticed a death ooze
 14927 | Gauntlet | Found a transporter.
 14947 | Gauntlet | Found a transporter.
 14952 | Gauntlet | Found a transporter.
 14954 | Gauntlet | Found a large runed translucent door.
 14955 | Gauntlet | Found a large runed translucent door.
 14956 | Gauntlet | Found a large runed translucent door.
 14956 | Gauntlet | Found a large runed translucent door.
 14956 | Gauntlet | Found a runed translucent door.
 14956 | Gauntlet | Found a runed translucent door.
 14957 | Gauntlet | Found a large runed translucent door.
 14958 | Gauntlet | Found a large runed translucent door.
 14958 | Gauntlet | Found a large runed translucent door.
 14958 | Gauntlet | Found a large runed translucent door.
 14958 | Gauntlet | Found a large runed translucent door.
 14958 | Gauntlet | Found a large runed translucent door.
 14959 | Gauntlet | Found a large runed translucent door.
 14959 | Gauntlet | Found a large runed translucent door.
 14960 | Gauntlet | Found a runed translucent gate.
 14960 | Gauntlet | Found a runed translucent gate.
 14960 | Gauntlet | Found a runed translucent gate.
 14962 | Gauntlet | Found a transporter.
 14972 | Gauntlet | Found a large runed translucent door.
 14973 | Gauntlet | Found a large runed translucent door.
 14977 | Gauntlet | Found a transporter.
 14983 | Gauntlet | Found a transporter.
 14997 | Gauntlet | Found a transporter.
 15016 | Gauntlet | Found a transporter.
 15018 | Gauntlet | Found a transporter.
 15132 | Gauntlet | Got a steaming jade ring
 15138 | Gauntlet | Identified the ring of the Tempest {*Tele Dex+2} (You found
                  | it in a Gauntlet)
 15162 | Gauntlet | Reached skill level 10 in Armour
 15187 | Gauntlet | Got a pair of transparent gloves
 15198 | Gauntlet | Identified the +1 pair of gloves "Lofi" {rPois Stlth+} (You
                  | found it in a Gauntlet)
 15515 | Gauntlet | Noticed a minotaur
 15531 | Gauntlet | Killed a minotaur
 15541 | Gauntlet | Identified Sif Muna's Handbook of Dislocated Curses
 15868 | D:13     | Noticed Sonja
 15873 | D:13     | Noticed Sonja
 15873 | D:13     | Sonja changed into Sonja the rime drake
 15880 | D:13     | Killed Sonja the rime drake
 16771 | D:14     | Found a gate to the Vaults.
 17530 | D:15     | Entered Level 15 of the Dungeon
 17530 | D:15     | Found a staircase to the Depths.
 17544 | D:14     | Noticed a jiangshi
 17951 | D:15     | Received a gift from Trog
 18261 | D:15     | HP: 4/107 [skeletal warrior/+0 hand axe[a skeletal warrior]
                  | (10)]
 18264 | D:15     | Slain by a skeletal warrior

Levels and vault maps discovered:
D:1:      noname_arrival_rooms_in_the_neighbourhood, layout_loops_corners,
          kennysheep_flooded_box
D:2:      layout_loops_cross, lemuel_coloured_pillars_altar, first_ration,
          minmay_split_cup_small, uniq_sigmund, uniq_natasha
D:3:      layout_basic, old_standard_altar
D:4:      layout_basic, cheibriados_altar_1, biasface_ghost_orc_armoury,
          uniq_eustachio
D:5:      layout_loops_corners, kennysheep_mini_moat, vehumet_altar_wand_db,
          uniq_menkaure
D:6:      layout_rooms, nicolae_overflow_hidden_temple, serial_shops, shop
D:7:      layout_loops_corners, lemuel_crystal_altar, minmay_temple_entry_hall,
          nrook_pool_corridor
D:8:      layout_basic, hangedman_ranch [blue_anna_fruit_fields],
          trog_butcher_becter
D:9:      cheibrodos_fzero, layout_cave_pools, uniq_erica
D:10:     layout_loops_ring, due_lair_maze_entry_diamond
D:11:     layout_big_octagon, hiddenorc1_lemuel
D:12:     layout_loops_cross, lightli_bailey_entry_fortress, minivault_4
D:13:     layout_cave_pools, gauntlet_entry_generic, uniq_sonja
D:14:     layout_long_grid, david_vaults_2, kennysheep_big_empty_room,
          drop_trap, einodemon_armed_red_devil_minivault
D:15:     gammafunk_depths_entry_grave, layout_basic, fedhas_altar_3,
          minmay_gold_behind_fungi, uniq_josephine

Skill      XL: |  1  2  3  4  5  6  7  8  9 10 11 12 13 |
---------------+----------------------------------------+-----
Fighting       | 4 5 6 7 |  7.8
Axes           | 4 5 6 8 9 10 11 | 11.4
Throwing       | 1 2 3 5 6 7 8 9 10 11 | 11.0
Stealth        | 1 2 3 4 5 6 7 |  7.6
Armour         | 3 4 5 6 8 9 10 | 10.7
Dodging        | 3 4 5 6 7 8 9 |  9.5
Shields        | 1 2 4 5 7 9 10 11 | 11.9
Evocations     | 2 3 4 5 6 |  6.6

Action                   |  1- 3 |  4- 6 |  7- 9 | 10-12 | 13-15 || total
-------------------------+-------+-------+-------+-------+-------++-------
Melee: Hand axe          |    58 |    92 |   220 |       |       ||   370
       Headbutt          |    11 |    22 |    56 |   167 |    67 ||   323
       War axe           |       |       |    25 |   677 |   262 ||   964
Throw: Stone             |    77 |    60 |   369 |   495 |   442 ||  1443
Invok: Berserk           |     1 |     3 |     3 |    15 |     7 ||    29
       Trog's Hand       |       |     2 |     5 |    17 |     4 ||    28
Evoke: Wand              |       |    22 |    47 |    22 |     6 ||    97
  Use: Scroll            |       |       |    10 |    12 |     5 ||    27
 Stab: Sleeping          |     1 |     1 |       |       |       ||     2
       Paralysed         |       |       |       |       |    12 ||    12
  Eat: Chunk             |     1 |    15 |    18 |    45 |    12 ||    91
       Ration            |       |       |       |       |     2 ||     2
Armor: Animal skin       |    13 |    11 |       |       |       ||    24
       Ring mail         |       |     4 |     7 |       |       ||    11
       Chain mail        |       |       |   108 |   479 |   180 ||   767
Dodge: Dodged            |    35 |    37 |   101 |   275 |   160 ||   608
Block: Shield            |       |    26 |   204 |   701 |   376 ||  1307
